Map: Deathaura LE

Players

SecretPoo - Winner!

  • Race: Terran Terran
  • League: Diamond
  • Spawn Location: 11:00

A.I. 1 (Very Easy)

  • Race: Terran Terran
  • Spawn Location: 5:00

VOD

Have the link to the VOD?

Description

Time

  • Played on: Aug. 6, 2020, 4:11 a.m.
  • Length: 16:53
Show
View Real Time Build Order
Export as new Build Order

SecretPoo Terran - Winner!

Build Orders: Mech 

Get SALT Encoding   

  12  0:00  SCV  
  13  0:12  SCV  
  14  0:17  Supply Depot  
  14  0:24  SCV  
  15  0:38  SCV  
  15  0:40  Barracks  
  16  0:45  Refinery  
  16  0:50  SCV  
  17  1:03  SCV  
  18  1:15  SCV  
  19  1:27  Orbital Command  
  19  1:39  Command Center  
  19  1:49  Factory  
  19  1:53  SCV  
  20  2:02  Supply Depot  
  20  2:08  SCV  
  21  2:10  Barracks Tech Lab  
  21  2:20  SCV  
  22  2:32  SCV  
  23  2:42  Siege Tank  
  26  2:44  SCV  
  27  2:54  Orbital Command  
  27  2:56  SCV  
  28  3:08  SCV, Command Center  
  29  3:20  SCV x2  
  31  3:27  Siege Tank  
  31  3:31  Refinery  
  31  3:32  SCV x2  
  36  3:44  SCV  
  36  3:45  SCV  
  38  3:51  Supply Depot  
  38  3:56  SCV  
  38  3:57  SCV  
  38  4:00  Factory  
  40  4:09  SCV x2  
  42  4:15  Refinery  
  42  4:16  Refinery  
  42  4:21  SCV x2  
  42  4:22  Barracks Reactor  
  44  4:25  Orbital Command  
  44  4:33  SCV x2  
  44  4:35  Armory, Engineering Bay  
  46  4:45  Orbital Command, SCV x2  
  48  4:47  Supply Depot, Hellion  
  48  4:51  Command Center  
  50  4:55  Siege Tank  
  50  4:57  SCV x2  
  55  5:02  Supply Depot  
  55  5:03  Supply Depot  
  55  5:09  SCV x2  
  55  5:10  SCV  
  58  5:21  SCV x2  
  58  5:22  SCV  
  58  5:23  Terran Vehicle Weapons Level 1  
  58  5:27  Thor  
  67  5:33  Hellbat, SCV x2  
  67  5:34  Hellbat  
  67  5:35  SCV  
  74  5:45  SCV  
  74  5:46  SCV  
  74  5:47  SCV  
  77  5:55  Hellbat x2  
  81  5:57  SCV  
  81  5:58  SCV  
  81  5:59  SCV  
  84  6:05  Refinery  
  84  6:06  Refinery, Missile Turret  
  84  6:09  Thor, Missile Turret  
  84  6:10  SCV x2  
  92  6:12  Supply Depot  
  92  6:16  Hellbat, Armory  
  92  6:17  Missile Turret  
  92  6:18  Supply Depot, SCV  
  96  6:22  SCV x2  
  97  6:26  Command Center  
  97  6:30  SCV  
  98  6:34  Factory  
  98  6:38  Factory, SCV x2  
  98  6:39  Factory  
  100  6:40  Factory  
  100  6:42  SCV  
  101  6:48  Hellbat  
  101  6:50  Hellbat, SCV x2  
  101  6:52  Thor  
  113  6:54  SCV  
  114  7:02  SCV x2, Neosteel Armor  
  114  7:04  Terran Vehicle And Ship Armor Level 1  
  114  7:06  SCV  
  114  7:07  SCV  
  118  7:14  SCV  
  119  7:17  SCV  
  119  7:18  SCV  
  119  7:22  Planetary Fortress  
  121  7:25  Missile Turret  
  121  7:26  SCV  
  121  7:29  SCV  
  123  7:30  SCV  
  123  7:33  Refinery  
  123  7:34  Factory Tech Lab x3, Refinery  
  123  7:35  Factory Reactor  
  124  7:38  SCV  
  124  7:42  SCV  
  124  7:43  SCV  
  127  7:45  Command Center  
  127  7:47  Infernal Pre-Igniter  
  127  7:50  Terran Vehicle Weapons Level 2, SCV  
  128  7:52  Thor  
  128  7:54  SCV  
  128  7:55  Hellbat, Hellion  
  139  8:01  Supply Depot x2  
  139  8:02  Supply Depot  
  139  8:03  Hellbat x2, SCV  
  139  8:04  Thor  
  139  8:05  Supply Depot, SCV x2  
  152  8:06  SCV  
  153  8:13  Planetary Fortress  
  153  8:15  SCV  
  153  8:17  SCV  
  155  8:22  SCV  
  155  8:24  Thor  
  162  8:33  Supply Depot  
  162  8:34  Supply Depot  
  157  8:47  Refinery  
  153  8:53  Refinery  
  153  8:54  Thor x2  
  153  8:55  Hellbat x2  
  167  8:56  Thor  
  167  8:57  Hellbat x2  
  177  9:04  Missile Turret  
  177  9:07  Thor  
  183  9:16  Hellbat x2  
  187  9:18  Hellion  
  187  9:19  Hellbat  
  187  9:21  Terran Vehicle And Ship Armor Level 2  
  191  9:36  Command Center  
  191  9:37  Thor  
  197  9:49  Smart Servos  
  197  10:02  Factory  
  197  10:05  Factory  
  197  10:13  Factory  
  197  10:15  Factory  
  197  10:18  Factory  
  197  10:20  Factory  
  197  10:24  Sensor Tower  
  197  10:25  Factory  
  197  10:27  Sensor Tower  
  197  10:29  Sensor Tower  
  197  10:32  Factory  
  197  10:33  Terran Vehicle Weapons Level 3  
  197  10:41  Planetary Fortress  
  197  11:03  Factory Tech Lab  
  197  11:04  Factory Tech Lab  
  197  11:06  Factory Tech Lab x2, Factory Reactor x2  
  197  11:13  Factory  
  197  11:14  Factory  
  197  11:19  Factory  
  197  11:42  Factory Tech Lab x2, Hellion  
  197  11:44  Hellion  
  197  11:48  Terran Vehicle And Ship Armor Level 3  
  197  12:00  Unknown  
  197  12:05  Unknown  
  197  12:09  Missile Turret  
  197  12:15  Factory Tech Lab x2, Factory Reactor  
  197  12:34  Orbital Command  
  197  12:48  Command Center  
  197  12:51  Command Center  
  195  12:57  Command Center  
  195  13:06  Sensor Tower  
  195  13:36  Command Center  
  195  13:58  Sensor Tower  
  195  14:00  Refinery  
  195  14:02  Refinery  
  195  14:04  Terran Ship Weapons Level 1  
  195  14:22  Starport  
  195  14:27  Orbital Command  
  195  14:28  Orbital Command x2  
  195  14:31  Starport  
  195  14:49  Command Center  
  195  14:50  Missile Turret, Command Center x2  
  195  14:51  Command Center  
  193  14:56  Command Center  
  193  15:04  Command Center  
  193  15:09  Command Center  
  193  15:10  Command Center  
  191  15:35  Starport Tech Lab  
  191  16:02  Orbital Command x4  
  191  16:07  Orbital Command  
  191  16:24  Factory  
  191  16:25  Factory, Command Center  
  191  16:27  Command Center  
  191  16:34  Factory  
  191  16:35  Factory  
  191  16:37  Factory  
Show
View Real Time Build Order
Export as new Build Order

A.I. 1 (Very Easy) Terran 

Build Orders:  

Get SALT Encoding   

  12  0:00  SCV  
  13  0:13  SCV  
  14  0:18  Supply Depot  
  14  0:37  Refinery  
  14  0:42  Barracks  
  14  1:05  Supply Depot  
  14  1:12  Refinery  
  14  1:30  Marine, Orbital Command  
  15  1:49  Barracks Tech Lab  
  15  1:56  SCV  
  17  2:08  SCV  
  17  2:12  Marine  
  18  2:20  SCV  
  19  2:32  SCV  
  20  2:44  SCV  
  21  2:55  Marauder  
  21  2:56  SCV  
  24  4:15  SCV  
  24  6:28  SCV  
  24  6:29  Marine  
  24  6:30  Supply Depot  
  24  6:32  Factory  
  26  6:34  Command Center  
  26  6:40  SCV  
  27  6:52  SCV  
  28  6:55  Supply Depot  
  28  7:03  Marine  
  28  7:04  SCV  
  26  7:18  Starport  
  26  7:37  Marine  
  27  7:47  SCV  
  28  7:54  Starport Tech Lab, Refinery, SCV  
  29  7:58  Refinery  
  29  8:01  SCV  
  30  8:08  SCV  
  30  8:12  Marine  
  32  8:13  Raven  
  32  8:15  SCV  
  35  8:23  SCV  
  36  8:30  SCV  
  37  8:37  SCV  
  38  8:44  SCV  
  38  8:46  Marine  
  40  8:51  SCV  
  41  8:56  Raven  
  41  8:58  SCV  
  44  9:06  SCV  
  45  9:13  SCV  
  46  9:20  SCV  
  46  9:21  Marauder  
  49  9:27  SCV  
  50  9:34  SCV  
  51  12:22  Medivac  
  53  12:23  Marauder  
  53  12:24  Supply Depot  
  54  12:44  Marauder, SCV  
  50  12:52  SCV, Medivac  
  51  12:59  SCV  
  51  13:05  Marine  
  53  13:22  Raven  
  53  13:23  Marine  
  56  13:31  Command Center  
  56  13:41  Marine  
  57  13:59  Marine  
  58  14:16  Marine  
  59  14:35  Marauder  
  61  14:52  Refinery  
  59  14:56  Marauder  
  59  14:57  SCV  
  59  14:59  Refinery  
  60  15:05  SCV  
  55  15:12  SCV  
  41  15:20  Marine  
  33  15:26  SCV  
  26  15:38  Marine, SCV  
  14  15:50  SCV  
  14  15:56  Supply Depot  
  10  16:03  SCV  
  4  16:21  Hellion  
Tags
 
Composition
Mech
League
Diamond
Matchup
TvT
Race
Terran
Spawn Locations
Cross Positions
Add a new tag
Caveats
  • Supply blocks, unpowered buildings, or Contaminate may cause inaccurate times.
  • Supply counts are checked every 10 seconds.